 Dungeon Crawl Stone Soup version 0.21.1-1-g345015fe64 (webtiles) character file.

2310 Razbojnik the Thaumaturge (level 9, -2/48 HPs)
             Began as a Deep Elf Conjurer on July 27, 2018.
             Was a Follower of Vehumet.
             Shot with an arrow by a centaur (5 damage)
             ... on level 7 of the Dungeon.
             The game lasted 00:39:13 (8445 turns).

Razbojnik the Thaumaturge (Deep Elf Conjurer)       Turns: 8445, Time: 00:39:13

Health: -2/48      AC: 11    Str:  8    XL:     9   Next: 18%
Magic:  24/32      EV: 14    Int: 24    God:    Vehumet [*.....]
Gold:   108        SH:  5    Dex: 15    Spells: 9/25 levels left

rFire    . . .     SeeInvis .   l - +0 spear (flame)
rCold    . . .     Gourm    .   p - +0 buckler
rNeg     . . .     Faith    .   a - +0 robe
rPois    .         Spirit   .   v - +2 helmet
rElec    .         Reflect  .   K - +1 cloak
rCorr    .         Harm     .   n - +2 pair of gloves {Str+3}
MR       .....                  G - +0 pair of boots
Stlth    +++.......             (no amulet)
HPRegen  0.16/turn              B - ring of magical power
MPRegen  0.23/turn              (no ring)

@: very slightly contaminated
A: no striking features
a: Renounce Religion


You were on level 7 of the Dungeon.
You worshipped Vehumet.
Vehumet was aware of your devotion.
You were hungry.

You visited 2 branches of the dungeon, and saw 8 of its levels.

You collected 243 gold pieces.
You spent 135 gold pieces at shops.

Inventory:

Hand Weapons
 g - a cursed -3 dagger
 h - a +0 dagger
 l - a +0 spear of flaming (weapon)
 y - a +0 hunting sling
 A - a +1 trident of protection
 J - a +0 hand crossbow
Missiles
 j - 19 sling bullets
 r - 14 poisoned needles
 u - 15 needles of sleeping
 F - 3 throwing nets (quivered)
 Q - 6 curare-tipped needles
Armour
 a - a +0 robe (worn)
 n - a +2 pair of gloves of strength (worn)
 p - a +0 buckler (worn)
 v - a +2 helmet (worn)
 G - a +0 pair of boots (worn)
 K - a +1 cloak (worn)
 L - a +0 leather armour of fire resistance
 N - a cursed +0 leather armour
Jewellery
 B - a ring of magical power (left hand)
Wands
 M - a wand of random effects (21)
Scrolls
 d - a scroll of holy word {unknown}
 e - 2 scrolls of identify
 f - 7 scrolls of teleportation
 m - 3 scrolls of remove curse
 s - 2 scrolls of immolation
 x - a scroll of fear
 z - 3 scrolls of enchant armour
 C - 2 scrolls of magic mapping
 D - a scroll of enchant weapon
 E - a scroll of blinking
Potions
 i - 5 potions of heal wounds
 k - 3 potions of mutation
 o - 3 potions of curing
 q - 2 potions of invisibility {unknown}
 t - a potion of lignification
 w - 3 potions of brilliance
 H - a potion of haste {unknown}
 P - a potion of flight {unknown}
Books
 b - a book of Conjurations

   Spells                             Type                      Level
   a - Magic Dart                     Conjuration                  1
   b - Searing Ray                    Conjuration                  2
   c - Dazzling Spray                 Conjuration/Hexes            3
   d - Fulminant Prism                Conjuration/Hexes            4
   e - Force Lance                    Conjuration/Translocation    4
   f - Iskenderun's Mystic Blast      Conjuration                  4
 I - a book of Callings

   Spells                             Type                      Level
   a - Summon Small Mammal            Summoning                    1
   b - Call Imp                       Summoning                    2
   c - Call Canine Familiar           Summoning                    3
   d - Summon Guardian Golem          Hexes/Summoning              3
   e - Summon Lightning Spire         Summoning/Air                4
   f - Summon Ice Beast               Ice/Summoning                4
Comestibles
 c - 10 rations
 O - 5 chunks of flesh


   Skills:
 - Level 2.0 Fighting
 + Level 4.4 Dodging
 + Level 5.3 Stealth
 - Level 4.0 Shields
 + Level 8.8 Spellcasting
 + Level 6.7 Conjurations
 - Level 6.0 Hexes
 - Level 3.0 Summonings


You had 9 spell levels left.
You knew the following spells:

 Your Spells              Type           Power        Failure   Level  Hunger
a - Magic Dart            Conj           ####         1%          1    None
b - Searing Ray           Conj           #####.       1%          2    None
c - Dazzling Spray        Conj/Hex       #####.       1%          3    None
d - Fulminant Prism       Conj/Hex       #####.....   4%          4    ##.....
e - Iskenderun's Mystic   Conj           #####...     3%          4    ##.....
f - Call Imp              Summ           ####....     2%          2    None


Dungeon Overview and Level Annotations

Branches:
Dungeon (7/15)             Temple (1/1) D:6

Altars:
Ashenzari
Cheibriados
Dithmenos
Elyvilon
Fedhas
Hepliaklqana
Kikubaaqudgha
Makhleb
Nemelex Xobeh
Qazlal
Ru
Sif Muna
Trog
Uskayaw
Vehumet
Wu Jian
Xom
Yredelemnul
The Shining One

Shops:
D:6 ?

Annotations:
D:5 terminal's ghost, novice CeHu
D:7 exclusion: centaur


Message History

The centaur shoots an arrow.
You block the arrow.
The centaur shoots an arrow.
The arrow hits you!
Your fulminant prism explodes!
The blast of energy engulfs the centaur.
The centaur is heavily wounded.
The blast of energy engulfs the centaur.
The centaur is almost dead.
Casting: Magic Dart
Confirm with . or Enter, or press ? or * to list all spells.
Aiming: Fulminant Prism
Press: ? - help, Dir - move target cursor, p - centaur You miscast Fulminant Prism.
You are very lightly contaminated with residual magic.
Your hair stands on end.
You are feeling hungry.
The centaur shoots an arrow.
The arrow closely misses you.
The centaur shoots an arrow.
The arrow hits you!
* * * LOW HITPOINT WARNING * * *
The centaur shoots an arrow.
The arrow hits you.
You die...

[.##'######.....≈≈≈≈≈..c≈≈ ≈. +.
..#...#...######≈≈≈≈≈≈≈≈≈≈ #.
###...#.........≈≈≈c≈≈≈≈≈≈ #.
.#...##...##....≈≈≈≈≈≈≈≈≈≈ #.
.#...##...##....≈≈≈≈≈≈c≈≈≈ #.
.##..##...#.....≈≈≈≈≈≈≈≈≈≈ #.
.##..##...#............# #.
..#.......########.....### #.
.##.......#.....@(........ #.
.##..##...#....(.(#####... #.
.##..##...#.......'...# . #+###.
..#...#...#.......#...# #.....
..+...#...#.......#...# #.....
#######...#.......#...# #..).)
#######...#.......#...######..###
...#......#.......#...##..##'###.
...#......#.......#........'.....


You could see a centaur.

Vanquished Creatures
  Menkaure (D:7)
  A hornet zombie (D:3)
  A necrophage (D:7)
  3 ogres
  3 centaurs
  A big kobold (D:7)
  Blork the orc (D:5)
  2 bullfrogs
  2 wyvern skeletons
  A scorpion (D:5)
  5 wights (D:6)
  2 crimson imps
  A hound (D:6)
  An orc priest (D:7)
  4 orc wizards
  Terence (D:3)
  An iguana (D:5)
  4 worker ants
  A killer bee zombie (D:5)
  A hound skeleton (D:5)
  25 gnolls
  8 adders
  4 worms
  5 dart slugs
  6 leopard geckos
  26 orcs
  8 bats
  4 giant cockroaches
  8 goblins
  9 hobgoblins
  6 jackals
  4 quokkas
  3 ball pythons
  6 frilled lizards
  13 kobolds
  A quokka skeleton (D:4)
  11 rats
184 creatures vanquished.

Vanquished Creatures (others)
  28 fulminant prisms
28 creatures vanquished.

Grand Total: 212 creatures vanquished

Notes
Turn   | Place    | Note
-------+----------+-------------------------------------------
     0 | D:1      | Razbojnik the Deep Elf Conjurer began the quest for the Orb.
     0 | D:1      | Reached XP level 1. HP: 10/10 MP: 6/6
   206 | D:1      | Reached XP level 2. HP: 15/15 MP: 4/8
   649 | D:1      | Reached skill level 4 in Spellcasting
   723 | D:1      | Reached skill level 5 in Conjurations
   723 | D:1      | Reached XP level 3. HP: 19/19 MP: 6/10
   727 | D:1      | Learned a level 2 spell: Searing Ray
   731 | D:1      | Learned a level 3 spell: Dazzling Spray
   879 | D:1      | Reached skill level 1 in Hexes
  1418 | D:2      | Noticed an ogre
  1731 | D:2      | Killed an ogre
  1731 | D:2      | Reached XP level 4. HP: 24/24 MP: 4/12
  1731 | D:2      | Reached XP level 5. HP: 28/28 MP: 4/13
  2009 | D:2      | Reached skill level 5 in Hexes
  2480 | D:3      | Reached skill level 5 in Spellcasting
  2586 | D:3      | Reached XP level 6. HP: 23/32 MP: 13/16
  2808 | D:3      | Noticed Terence
  2881 | D:2      | Learned a level 4 spell: Fulminant Prism
  2886 | D:2      | Learned a level 4 spell: Iskenderun's Mystic Blast
  2914 | D:3      | Reached skill level 6 in Spellcasting
  2957 | D:3      | Found a blossoming altar of Fedhas.
  3319 | D:3      | Found a sacrificial altar of Ru.
  3370 | D:3      | Killed Terence
  4047 | D:4      | Reached skill level 7 in Spellcasting
  4066 | D:4      | Reached XP level 7. HP: 28/36 MP: 3/20
  4450 | D:4      | Reached skill level 1 in Shields
  4766 | D:5      | Entered Level 5 of the Dungeon
  4766 | D:5      | Noticed terminal's ghost (novice CeHu)
  4931 | D:5      | Noticed Blork the orc
  4937 | D:5      | Killed Blork the orc
  4937 | D:5      | Reached skill level 8 in Spellcasting
  5441 | D:5      | Reached XP level 8. HP: 25/41 MP: 16/22
  5869 | D:6      | Found Lienid's Magic Scroll Shoppe.
  5880 | D:6      | Bought a scroll of teleportation for 30 gold pieces
  5880 | D:6      | Bought a scroll of blinking for 75 gold pieces
  5880 | D:6      | Bought a scroll of remove curse for 30 gold pieces
  6276 | D:6      | Reached skill level 1 in Fighting
  6522 | D:6      | Learned a level 2 spell: Call Imp
  6561 | D:6      | Found a staircase to the Ecumenical Temple.
  6570 | Temple   | Entered the Ecumenical Temple
  6678 | Temple   | Became a worshipper of Vehumet
  7060 | D:6      | Reached skill level 1 in Summonings
  7961 | D:7      | Noticed Menkaure
  7961 | D:7      | Reached XP level 9. HP: 48/48 MP: 23/23
  7967 | D:7      | Killed Menkaure
  7967 | D:7      | Reached skill level 5 in Stealth
  8291 | D:7      | Reached * piety under Vehumet
  8291 | D:7      | Offered knowledge of Freeze by Vehumet.
  8444 | D:7      | HP: 2/48 [centaur/arrow (14)]
  8445 | D:7      | Shot with an arrow by a centaur

Skill      XL: |  1  2  3  4  5  6  7  8  9 |
---------------+----------------------------+-----
Spellcasting   | 4 5 7 8 |  8.8
Conjurations   | 5 6 |  6.7
Hexes          | 4 5 6 |  6.0
Stealth        | 4 5 |  5.3
Shields        | 2 4 |  4.0
Dodging        | 3 4 |  4.4
Fighting       | 2 |  2.0
Summonings     | 2 3 |  3.0

Action                   |  1- 3 |  4- 6 |  7- 9 || total
-------------------------+-------+-------+-------++-------
Melee: Dagger            |       |     3 |     1 ||     4
       Trident           |       |       |     2 ||     2
       Spear             |       |       |     5 ||     5
 Cast: Magic Dart        |    81 |    42 |    67 ||   190
       Searing Ray       |     5 |    20 |    42 ||    67
       Fulminant Prism   |       |     4 |    24 ||    28
       Dazzling Spray    |       |     2 |     5 ||     7
  Use: Scroll            |       |       |    11 ||    11
 Stab: Sleeping          |       |     3 |     5 ||     8
  Eat: Chunk             |     2 |     7 |    15 ||    24
Armor: Robe              |     3 |     5 |    23 ||    31
Dodge: Dodged            |     7 |    18 |    43 ||    68
Block: Buckler           |       |       |     6 ||     6
